 Dungeon Crawl Stone Soup version 0.27-a0-720-g3f424a255b (webtiles) character file.

Game seed: 67176832010332424

26 PentaManta the Ducker (level 2, 0/16 HPs)
             Began as a Spriggan Abyssal Knight on Mar 23, 2021.
             Was a Follower of Lugonu.
             Killed by Freeze
             ... invoked by an ooze
              (3 damage)
             ... on level 1 of the Dungeon.
             The game lasted 00:02:08 (852 turns).

PentaManta the Ducker (Spriggan Abyssal Knight)      Turns: 852, Time: 00:02:08

Health: 0/16       AC:  2    Str:  8    XL:     2   Next: 89%
Magic:  4/4        EV: 18    Int: 13    God:    Lugonu [*.....]
Gold:   51         SH:  0    Dex: 14    Spells: 1/1 levels left

rFire    . . .     SeeInvis +   a - +1 short sword
rCold    . . .     Faith    .   (shield restricted)
rNeg     . . .     Spirit   .   b - +0 robe
rPois    .         Reflect  .   (helmet restricted)
rElec    .         Harm     .   (no cloak)
rCorr    .         Rampage  .   (gloves unavailable)
Will     .....                  (boots unavailable)
Stlth    ++........             (no amulet)
HPRegen  0.05/turn              (no ring)
MPRegen  0.09/turn              (no ring)

@: very quick
A: very small, no large weapons, unfitting armour, see invisible, speed 3
a: Renounce Religion, Depart the Abyss


You were on level 1 of the Dungeon.
You worshipped Lugonu.
Lugonu was aware of your devotion.
You visited 1 branch of the dungeon, and saw 1 of its levels.
You visited the Abyss 1 time.

You collected 51 gold pieces.

Inventory:

Hand Weapons
 a - a +1 short sword (weapon)
Armour
 b - a +0 robe (worn)
Scrolls
 d - a scroll of teleportation {unknown}
 e - a scroll of summoning {unknown}
 f - a scroll of amnesia {unknown}
Potions
 c - a potion of lignification {unknown}
 g - a potion of brilliance {unknown}
 h - a potion of flight {unknown}


   Skills:
 - Level 2.4 Fighting
 - Level 2.1 Short Blades
 + Level 3.8 Dodging
 * Level 3.5 Stealth
 - Level 1.7 Invocations


You had one spell level left.
You didn't know any spells.
Your spell library was empty.

Dungeon Overview and Level Annotations

Branches:
Dungeon (1/15)

Altars:


Innate Abilities, Weirdness & Mutations

You are very small and have problems with some larger weapons.
You are too small for most types of armour.
You have supernaturally acute eyesight. (SInv)
You cover ground extremely quickly. (Speed+++)


Message History

Lugonu accepts your kill. The ball python closely misses you.
The ball python completely misses you.
You closely miss the ball python. The ball python misses you.
The ball python grabs you. The ball python constricts you.
You closely miss the ball python.
The ball python bites you but does no damage.
The ball python constricts you.
You hit the ball python.
The ball python is moderately wounded.
The ball python bites you. The ball python constricts you.
You are too injured to fight recklessly!
You are too injured to fight recklessly!
You are too injured to fight recklessly!
You barely miss the ball python.
The ball python is moderately wounded.
The ball python completely misses you. The ball python constricts you.
You hit the ball python.
You kill the ball python!
Lugonu accepts your kill.
You hit the dart slug.
The dart slug is moderately wounded.
The dart slug misses you.
You hit the dart slug.
The dart slug is severely wounded.
The dart slug misses you.
You hit the dart slug.
The dart slug is almost dead.
You hit the dart slug.
You kill the dart slug!
Lugonu accepts your kill.
You hit the ooze but do no damage. The ooze freezes you.
You are frozen.
* * * LOW HITPOINT WARNING * * *
You completely miss the ooze. The ooze misses you.
You hit the ooze.
The ooze is heavily wounded.
The ooze freezes you.
You are frozen.
You die...

###.##################
....[..................
###.##.#.#####........##
.........# #..##J##..
###.##.#.# #.#.###.#
#.##.#.# #.##.).#
#.##.#.# #..#[..#
#.##.#.# #.##J..#
#.##.#.#####.#@# #.#
#.##.#........## #. #.
#.########.......# #.#
###...... .#.#.# # #


You could see an ooze.

Vanquished Creatures
  A dart slug (D:1)
  2 goblins (D:1)
  5 hobgoblins (D:1)
  A jackal (D:1)
  A kobold (D:1)
  An ooze (D:1)
  2 ball pythons (D:1)
  6 bats (D:1)
  3 frilled lizards (D:1)
  2 rats (D:1)
24 creatures vanquished.

Notes
Turn   | Place    | Note
-------+----------+-------------------------------------------
     0 | Abyss:1  | PentaManta the Spriggan Abyssal Knight began the quest for
                  | the Orb.
     0 | Abyss:1  | Reached XP level 1. HP: 11/11 MP: 3/3
    52 | Abyss:2  | Found a corrupted altar of Lugonu.
    66 | Abyss:3  | Noticed an orange crystal statue
   126 | Abyss:3  | Noticed a raiju
   132 | D:1      | Escaped the Abyss
   179 | D:1      | Reached skill level 1 in Stealth
   383 | D:1      | Reached XP level 2. HP: 16/16 MP: 4/4
   401 | D:1      | Reached * piety under Lugonu
   852 | D:1      | Killed from afar by an ooze

Illustrated notes

Levels and vault maps discovered:
D:1:      erik_arrival_cave_to_civilisation [erik_arrival_cave_to_temple],
          layout_basic, minmay_misc_feat_chi, nrook_mini_vaults,
          minmay_heptomino_d4

Skill      XL: |  1  2 |
---------------+-------+-----
Stealth        | 2 3 |  3.5
Fighting       | |  2.4
Short Blades   | |  2.1
Dodging        | |  3.8
Invocations    | |  1.7

Action                   || total
-------------------------++-------
Melee: Short sword       ||    81
Invok: Depart the Abyss  ||     1
 Stab: Sleeping          ||     3
Armor: Robe              ||     8
Dodge: Dodged            ||    65

Table legend: (Time is in decaauts)
 A = Elapsed time spent in this place.
 B = Non-inter-level travel time spent in this place.
 C = Inter-level travel time spent in this place.
 D = Time resting spent in this place.
 E = Time spent auto-exploring this place.
 F = Levels seen in this place.
 G = Mean time per level.
                   A        B        C        D        E       F      G
               +--------+--------+--------+--------+--------+-----+--------+
         Total |    614 |    614 |      0 |      0 |    436 |   4 |  153.5 |
       Dungeon |    532 |    532 |      0 |      0 |    411 |   1 |  532.0 |
         Abyss |     82 |     82 |      0 |      0 |     25 |   3 |   27.3 |
               +--------+--------+--------+--------+--------+-----+--------+

Top non-repeatable levels by time:
     D:1: 532 daAuts
 Abyss:3: 41 daAuts
 Abyss:1: 31 daAuts
 Abyss:2: 9 daAuts
